 Dungeon Crawl Stone Soup version 0.28.0-43-g3370ac3207 (webtiles) character file.

Game seed: 11333260703376054539

15255 boopmooplesden the Carver (level 11, 0/102 HPs)
             Began as a Minotaur Fighter on Mar 2, 2022.
             Was a High Priest of Okawaru.
             Slain by a jumping spider (10 damage)
             ... on level 2 of the Lair of Beasts.
             The game lasted 00:14:36 (12904 turns).

boopmooplesden the Carver (Minotaur Fighter)       Turns: 12904, Time: 00:14:37

Health: 0/102      AC: 12    Str: 26    XL:     11   Next: 99%
Magic:  11/11      EV: 14    Int:  8    God:    Okawaru [*****.]
Gold:   655        SH:  6    Dex: 14    Spells: 10/10 levels left

rFire   . . .      SeeInvis .   h - +7 falchion of the Curious Wars {elec, Str+3 Dex+2}
rCold   . . .      Faith    .   c - +0 buckler
rNeg    + . .      Spirit   .   L - +1 leather armour of Lucidity {*Corrode rElec Int+3}
rPois   +          Reflect  .   M - +0 hat of Cowardice {Contam Fly rElec Stlth-}
rElec   +          Harm     .   (no cloak)
rCorr   .          Rampage  .   K - +0 pair of gloves
Will    +....                   G - +0 pair of boots "Yzeu" {Will+}
Stlth   +.........              J - amulet "Nipres" {Acrobat rN+}
HPRegen 0.27/turn               w - ring of poison resistance
MPRegen 0.12/turn               Q - +4 ring of protection

@: lethally poisoned (0 -> -7), flying
A: horns 2, retaliatory headbutt
a: Renounce Religion, Heroism, Finesse, Duel


You were on level 2 of the Lair of Beasts.
You worshipped Okawaru.
Okawaru was extremely pleased with you.
You visited 3 branches of the dungeon, and saw 12 of its levels.
You also visited: Bailey.

You collected 655 gold pieces.

Inventory:

Hand Weapons
 a - a +0 war axe
 h - the +7 falchion of the Curious Wars (weapon) {elec, Str+3 Dex+2}
   (You found it on level 5 of the Dungeon)

   It occasionally discharges a powerful burst of electricity upon striking a
   foe.
   Str:       It affects your strength (+3).
   Dex:       It affects your dexterity (+2).
 k - a +2 spear of freezing
 A - a +0 hand crossbow
 P - a +0 lajatang of pain
Armour
 b - a +0 scale mail
 c - a +0 buckler (worn)
 f - a +1 pair of boots
 u - the +0 leather armour "Wiusadihu" {rC+ Will+}
   (You found it on level 6 of the Dungeon)

   rC:        It protects you from cold.
   Will:      It increases your willpower.
 x - a +0 pair of boots
 G - the +0 pair of boots "Yzeu" (worn) {Will+}
   (You acquired it in a bailey)

   Will:      It increases your willpower.
 K - a +0 pair of gloves (worn)
 L - the +1 leather armour of Lucidity (worn) {*Corrode rElec Int+3}
   (You found it on level 9 of the Dungeon)

   Int:       It affects your intelligence (+3).
   rElec:     It insulates you from electricity.
   *Corrode:  It may corrode you when you take damage.
 M - the +0 hat of Cowardice (worn) {Contam Fly rElec Stlth-}
   (Okawaru gifted it to you on level 9 of the Dungeon)

   rElec:     It insulates you from electricity.
   Fly:       It grants you flight.
   Contam:    It causes magical contamination when unequipped.
   Stlth:     It makes you less stealthy.
Jewellery
 v - an amulet of the acrobat
 w - a ring of poison resistance (left hand)
 J - the amulet "Nipres" (around neck) {Acrobat rN+}
   (You found it on level 8 of the Dungeon)

   [amulet of the acrobat]

   It increases your evasion while moving and waiting.
   rN:        It protects you from negative energy.
 N - an amulet of magic regeneration
 Q - a +4 ring of protection (right hand)
Wands
 j - a wand of paralysis (17)
 y - a wand of flame (23)
 C - a wand of iceblast (6)
 R - a wand of mindburst (6)
Scrolls
 p - 2 scrolls of teleportation
 t - 3 scrolls of fear
 D - 2 scrolls of blinking
 E - 2 scrolls of amnesia
 F - 2 scrolls of fog
 H - 5 scrolls of identify
 I - a scroll of enchant armour
Potions
 d - 2 potions of might
 e - a potion of attraction
 g - 3 potions of berserk rage
 i - 6 potions of curing
 l - 4 potions of magic
 m - 4 potions of cancellation
 n - a potion of mutation {unknown}
 o - a potion of ambrosia {unknown}
 q - a potion of resistance {unknown}
 r - 2 potions of heal wounds
 s - a potion of invisibility {unknown}
 z - a potion of lignification {unknown}
 B - a potion of brilliance {unknown}
 O - a potion of haste {unknown}


   Skills:
 + Level 11.0 Fighting
 + Level 13.0 Long Blades
 + Level 7.5 Axes
 + Level 8.8 Armour
 + Level 7.4 Dodging
 + Level 4.0 Stealth
 + Level 8.1 Shields
 + Level 1.8 Invocations
 + Level 0.8 Evocations


You had 10 spell levels left.
You didn't know any spells.
Your spell library contained the following spells:

 Spells                   Type           Power      Damage    Failure   Level
 Freeze                   Ice            0%         1d3       52%         1
 Sting                    Tmut/Pois      0%         1d3       52%         1
 Ensorcelled Hibernation  Hex/Ice        0%         N/A       65%         2
 Poisonous Vapours        Pois/Air       0%         N/A       65%         2
 Frozen Ramparts          Ice            0%         1d2       87%         3
 Spider Form              Tmut/Pois      0%         N/A       87%         3
 Anguish                  Hex/Necr       0%         N/A       99%         4
 Hailstorm                Conj/Ice       0%         3d3       99%         4
 Olgreb's Toxic Radiance  Pois           0%         N/A       99%         4


Dungeon Overview and Level Annotations

Branches:
Dungeon (9/15)             Temple (1/1) D:6            Lair (2/6) D:9
 Shoals (0/4) Lair:2       Spider (0/4) Lair:2       Bailey (visited)
    Orc: D:9-12

Altars:
Dithmenos
Fedhas
Kikubaaqudgha
Okawaru
Ru
Sif Muna
Uskayaw
Vehumet
Wu Jian
Xom
The Shining One
Lugonu

Shops:
D:1 ?   D:6 =

Annotations:
D:7 2 transporters


Innate Abilities, Weirdness & Mutations

You have a pair of horns on your head.
You reflexively headbutt those who attack you in melee.


Message History

You feel very sick.
The jumping spider leaps! x2
You feel very sick.
The jumping spider pounces on you but does no damage.
The jumping spider bites you but does no damage.
You closely miss the jumping spider. You headbutt the jumping spider!
The jumping spider is moderately wounded.
You feel very sick. The jumping spider closely misses you.
The jumping spider barely misses you.
The jumping spider pounces on you but does no damage.
The jumping spider bites you but does no damage.
You slash the jumping spider! You headbutt the jumping spider.
The jumping spider is severely wounded.
You feel sick. The jumping spider pounces on you!
* * * LOW HITPOINT WARNING * * *
The jumping spider barely misses you.
The jumping spider pounces on you but does no damage.
The jumping spider bites you but does no damage.
You slash the jumping spider!
You kill the jumping spider!
Okawaru accepts your kill.
You feel very sick.
You block the jumping spider's attack. x2
Your Long Blades skill increases to level 13!
You barely miss the jumping spider.
The jumping spider is lightly wounded.
You feel sick. You block the jumping spider's attack.
The jumping spider bites you but does no damage.
Unknown command.
You closely miss the jumping spider.
Your headbutt misses the jumping spider.
The jumping spider is lightly wounded.
You feel sick. The jumping spider pounces on you.
* * * LOW HITPOINT WARNING * * *
The jumping spider closely misses you.
You slice the jumping spider!!
You headbutt the jumping spider, but do no damage.
The jumping spider is severely wounded.
You feel sick. The jumping spider pounces on you!
You die...

###.....# ##
#.....###
##.#
###...#.#
#...# #..#.#
#^.>.#
##...##^....#
##...##^^^..#
#..#.##^^..#
##..###^.^^.#
#...###.@s###
##..##^^.##
##.....##
##.....#
#......#
##.#.###
#####


You could see a jumping spider.

Vanquished Creatures
  Erolcha (D:9)
  A hydra (D:7)
  2 vault guards (Bailey)
  The ghost of ISoar the Carver, a novice MiFi of Yredelemnul (D:7)
  A deep elf pyromancer (D:9)
  2 manticores
  A black mamba (Lair:1)
  Psyche (D:9)
  A komodo dragon (Lair:1)
  Prince Ribbit (Bailey)
  3 blink frogs (Lair:1)
  A wind drake (Lair:2)
  A jumping spider (Lair:2)
  A culicivora (Lair:2)
  13 yaks
  A wyvern (D:8)
  3 basilisks (Lair:1)
  Grum (D:9)
  3 humans (Bailey)
  4 vampire mosquitoes (D:9)
  A redback (Lair:2)
  3 wargs (D:9)
  An acid dragon (D:9)
  4 water moccasins
  2 orc warriors
  2 sky beasts
  An ice beast (D:7)
  2 centaurs
  An ogre (D:6)
  3 wolves (D:9)
  A phantom (D:5)
  A kobold brigand (D:7)
  11 bullfrogs
  A wyvern zombie (D:6)
  2 scorpions (D:5)
  A wyvern skeleton (D:6)
  A water moccasin skeleton (D:6)
  3 killer bees (D:7)
  6 howler monkeys
  7 wights
  5 electric eels (Lair:1)
  8 centaur zombies
  8 hounds
  7 orc priests
  A gnoll shaman (D:8)
  3 jellies
  A bullfrog skeleton (D:6)
  9 iguanas
  Ijyb (D:5)
  9 orc wizards
  A hound skeleton (D:4)
  7 gnolls
  5 adders
  A shadow imp (D:7)
  An ufetubus (D:4)
  An adder zombie (D:4)
  A dart slug (D:4)
  2 worms
  36 orcs
  6 ball pythons
  6 bats
  7 endoplasms
  3 giant cockroaches
  6 goblins
  5 hobgoblins
  10 jackals
  13 kobolds
  7 quokkas
  3 frilled lizards
  5 rats
275 creatures vanquished.

Vanquished Creatures (others)
  A fungus (Lair:2)
  7 plants
8 creatures vanquished.

Grand Total: 283 creatures vanquished

Notes
Turn   | Place    | Note
-------+----------+-------------------------------------------
     0 | D:1      | boopmooplesden the Minotaur Fighter began the quest for the
                  | Orb.
     0 | D:1      | Reached XP level 1. HP: 19/19 MP: 0/0
   214 | D:1      | Found Igru Qee's Magic Scroll Shoppe.
   314 | D:1      | Reached XP level 2. HP: 23/27 MP: 1/1
   996 | D:2      | Reached XP level 3. HP: 33/33 MP: 2/2
  1186 | D:2      | Found a faded altar of an unknown god.
  1405 | D:2      | Reached XP level 4. HP: 32/41 MP: 3/3
  2557 | D:3      | Reached XP level 5. HP: 38/47 MP: 4/4
  3110 | D:4      | Noticed a sky beast
  3115 | D:4      | Killed a sky beast
  3116 | D:4      | Reached skill level 5 in Fighting
  3116 | D:4      | Reached skill level 5 in Axes
  3116 | D:4      | Reached skill level 5 in Armour
  3116 | D:4      | Reached skill level 1 in Dodging
  3116 | D:4      | Reached XP level 6. HP: 54/56 MP: 5/5
  4036 | D:5      | Entered Level 5 of the Dungeon
  4093 | D:5      | Reached XP level 7. HP: 61/61 MP: 6/6
  4626 | D:5      | Found a shadowy altar of Dithmenos.
  4670 | D:5      | Identified the +7 falchion of the Curious Wars {elec, Str+3
                  | Dex+2}
  4676 | D:5      | Noticed Ijyb
  4680 | D:5      | Paralysed by Ijyb for 4 turns
  4684 | D:5      | Killed Ijyb
  5121 | D:6      | Reached skill level 1 in Long Blades
  5121 | D:6      | Reached XP level 8. HP: 49/70 MP: 7/7
  5280 | D:6      | Found an ancient bone altar of Kikubaaqudgha.
  5285 | D:6      | Found a staircase to the Ecumenical Temple.
  5326 | Temple   | Entered the Ecumenical Temple
  5413 | Temple   | Became a worshipper of Warmaster Okawaru
  5460 | D:6      | Identified the +0 leather armour "Wiusadihu" {rC+ Will+}
  5625 | D:6      | Reached skill level 2 in Long Blades
  5754 | D:6      | Reached skill level 3 in Long Blades
  5755 | D:6      | Reached * piety under Okawaru
  5943 | D:6      | Found Xuwelox's Jewellery Shop.
  6038 | D:6      | Found a sacrificial altar of Ru.
  6082 | D:6      | Reached skill level 4 in Long Blades
  6082 | D:6      | Reached skill level 5 in Shields
  6563 | D:6      | Reached skill level 5 in Long Blades
  6737 | D:7      | Reached skill level 1 in Stealth
  6737 | D:7      | Reached XP level 9. HP: 78/79 MP: 8/8
  7142 | D:7      | Found a runed translucent door.
  7144 | D:7      | Noticed ISoar's ghost (novice MiFi)
  7167 | D:7      | Killed ISoar's ghost
  7167 | D:7      | Reached ** piety under Okawaru
  7168 | D:7      | Reached skill level 7 in Long Blades
  7379 | D:7      | Noticed a four-headed hydra
  7405 | D:7      | Reached skill level 8 in Long Blades
  7643 | D:7      | Found a transporter.
  7644 | D:7      | Found a corrupted altar of Lugonu.
  7644 | D:7      | Noticed a cyan ugly thing
  7644 | D:7      | Noticed a brown ugly thing
  7763 | D:7      | Killed a nine-headed hydra
  7763 | D:7      | Reached *** piety under Okawaru
  8098 | D:7      | Found a transporter.
  8099 | D:7      | Noticed a brown ugly thing
  8101 | D:7      | Noticed a red ugly thing
  8171 | D:7      | Reached XP level 10. HP: 87/90 MP: 9/9
  8261 | D:8      | Reached skill level 9 in Long Blades
  8313 | D:8      | Found a blossoming altar of Fedhas.
  8409 | D:8      | Found a flagged portal.
  8418 | Bailey   | Entered a bailey
  8461 | Bailey   | Reached **** piety under Okawaru
  8490 | Bailey   | Reached skill level 10 in Long Blades
  8602 | Bailey   | Noticed a vault guard
  8602 | Bailey   | Noticed Prince Ribbit
  8612 | Bailey   | Killed a vault guard
  8613 | Bailey   | Reached skill level 5 in Dodging
  8617 | Bailey   | Killed Prince Ribbit
  8655 | Bailey   | Identified a scroll of acquirement
  8655 | Bailey   | Acquired the +0 pair of boots "Yzeu" {Will+}
  8678 | Bailey   | Noticed a vault guard
  8689 | Bailey   | Killed a vault guard
  8689 | Bailey   | Reached ***** piety under Okawaru
  8690 | Bailey   | Reached skill level 1 in Invocations
  8834 | D:8      | Reached skill level 11 in Long Blades
  8837 | D:8      | HP: 2/92 [yak (6)]
  9169 | D:8      | Found a glowing golden altar of the Shining One.
  9216 | D:8      | Reached XP level 11. HP: 74/99 MP: 7/10
  9480 | D:8      | Found a shimmering altar of Xom.
  9648 | D:8      | Identified the amulet "Nipres" {Acrobat rN+}
  9834 | D:8      | Reached skill level 10 in Fighting
 10340 | D:9      | Noticed Psyche
 10340 | D:9      | Noticed Erolcha
 10346 | D:9      | Killed Erolcha
 10352 | D:9      | Killed Psyche
 10447 | D:9      | Noticed Grum
 10454 | D:9      | Killed Grum
 10789 | D:9      | Noticed a deep elf pyromancer
 10800 | D:9      | Killed a deep elf pyromancer
 10803 | D:9      | Identified the +1 leather armour of Lucidity {*Corrode
                  | rElec Int+3}
 10837 | D:9      | Identified the +0 hat of Cowardice {Contam Fly rElec
                  | Stlth-} (Okawaru gifted it to you on level 9 of the
                  | Dungeon)
 10837 | D:9      | Received a gift from Okawaru
 10838 | D:9      | Reached skill level 12 in Long Blades
 11504 | D:9      | Found a staircase to the Lair.
 11678 | Lair:1   | Entered Level 1 of the Lair of Beasts
 12747 | Lair:2   | Found a staircase to the Shoals.
 12882 | Lair:2   | Found a hole to the Spider Nest.
 12902 | Lair:2   | Reached skill level 13 in Long Blades
 12904 | Lair:2   | Slain by a jumping spider

Illustrated notes

Levels and vault maps discovered:
D:1:      elethiomel_arrival_shortcut, layout_loops_ring, serial_shops,
          nicolae_shop_crystal, nrook_loot_triangle
D:2:      layout_loops_cross, hellmonk_ecumenical_altar_inner_sanctum
D:3:      layout_basic
D:4:      layout_loops_cross, kennysheep_generic_room_6
D:5:      layout_basic, grunt_dithmenos_smoke, st_stairs_13,
          chequers_serial_rivers_small_3, bh_walls_and_bars, uniq_ijyb
D:6:      layout_basic, hangedman_ru_absence, overflow_temple_1_default,
          temple_green, serial_shops, nicolae_take_the_stairs,
          hangedman_decor_growths, minmay_misc_feat_more_columns,
          minmay_pentangle
D:7:      gammafunk_corrupted_shrine, layout_loops_ring,
          hellmonk_ghost_happy_afterlife, grunt_ministairs_6
D:8:      layout_layer_cave, mainiacjoe_overflow_tiny_flanked, tso_metal_star,
          tgw_xom, enter_bailey_2
D:9:      layout_loops_cross, erik_lair_orcish_takeover, uniq_psyche,
          uniq_erolcha, uniq_grum
Temple:   regret_index_temple_generic_petals
Lair:1:   layout_cave_shapes, chequers_serial_rivers_room_b,
          chequers_serial_rivers_small_a, disabler_island, serial_bayou_shore_b,
          infiniplex_staircase_pool
Lair:2:   dpeg_oklob_gauntlet, layout_concentric_octagons,
          minmay_shoals_entry_beasts, spider_nest_entry_funnel_web, uniq_maggie

Skill      XL: |  1  2  3  4  5  6  7  8  9 10 11 |
---------------+----------------------------------+-----
Armour         | 4 5 6 7 8 |  8.8
Shields        | 4 5 6 7 8 |  8.1
Fighting       | 4 5 6 7 8 9 11 | 11.0
Axes           | 3 4 5 6 7 |  7.5
Dodging        | 1 2 3 4 5 7 |  7.4
Long Blades    | 1 5 8 11 13 | 13.0
Stealth        | 1 3 4 |  4.0
Invocations    | 1 |  1.8
Evocations     | |  0.8

Action                   |  1- 3 |  4- 6 |  7- 9 | 10-12 || total
-------------------------+-------+-------+-------+-------++-------
Melee: War axe           |    78 |   126 |    28 |       ||   232
       Headbutt          |     7 |    18 |    39 |    58 ||   122
       Falchion          |       |       |   182 |   323 ||   505
Invok: Heroism           |       |       |     2 |     7 ||     9
Evoke: Wand              |       |       |     3 |       ||     3
  Use: Scroll            |     5 |     6 |     3 |     6 ||    20
       Potion            |       |       |     2 |     2 ||     4
 Stab: Sleeping          |       |       |       |     3 ||     3
Armor: Scale mail        |    62 |    68 |    23 |       ||   153
       Leather armour    |       |       |    37 |    47 ||    84
Dodge: Dodged            |    43 |    70 |   154 |   198 ||   465
Block: Buckler           |    17 |    28 |    57 |    94 ||   196
